 Dungeon Crawl Stone Soup version 0.24.0-2-g5b39cebb1c (webtiles) character file.

Game seed: 15219291523817395359, levelgen mode: deterministic

125 Arum the Skirmisher (level 4, 0/37 HPs)
             Began as a Demonspawn Monk on Oct 31, 2019.
             Was a Believer of Okawaru.
             Hit by a goblin thrown by Robin (1 damage)
             ... on level 2 of the Dungeon.
             The game lasted 00:02:01 (1549 turns).

Arum the Skirmisher (Demonspawn Monk)               Turns: 1549, Time: 00:02:01

Health: 0/37       AC:  2    Str: 13    XL:     4   Next: 82%
Magic:  4/4        EV: 14    Int: 11    God:    Okawaru [**....]
Gold:   92         SH:  0    Dex: 15    Spells: 3/3 levels left

rFire    . . .     SeeInvis .     - Unarmed
rCold    . . .     Gourm    .   (no shield)
rNeg     . . .     Faith    .   a - +0 robe
rPois    .         Spirit   .   (helmet restricted)
rElec    .         Reflect  .   (no cloak)
rCorr    .         Harm     +   (no gloves)
MR       .....                  (no boots)
Stlth    ++........             j - amulet of harm
HPRegen  0.12/turn              (no ring)
MPRegen  0.09/turn              (no ring)

@: lethally poisoned (0 -> -6)
A: horns 1
a: Heroism, Renounce Religion


You were on level 2 of the Dungeon.
You worshipped Okawaru.
Okawaru was pleased with you.
You were not hungry.

You visited 1 branch of the dungeon, and saw 2 of its levels.

You collected 92 gold pieces.

Inventory:

Armour
 a - a +0 robe (worn)
Jewellery
 j - an amulet of harm (around neck)
Scrolls
 d - a scroll of amnesia {unknown}
 e - a scroll of teleportation {unknown}
 g - 2 scrolls of blinking {unknown}
 h - a scroll of identify {unknown}
 i - a scroll of fear {unknown}
 k - a scroll of remove curse {unknown}
 m - a scroll of noise {unknown}
 n - a scroll of magic mapping {unknown}
Comestibles
 b - 3 rations
 f - 3 chunks of flesh


   Skills:
 + Level 4.0 Fighting
 + Level 3.6 Dodging
 - Level 1.7 Stealth
 + Level 3.7 Unarmed Combat


You had 3 spell levels left.
You didn't know any spells.
Your spell library was empty.

Dungeon Overview and Level Annotations

Branches:
Dungeon (2/15)

Altars:
Okawaru
Sif Muna
Vehumet

Annotations:
D:2 Robin


Innate Abilities, Weirdness & Mutations

You have a pair of small horns on your head.


Message History

Unknown command.
* * * LOW HITPOINT WARNING * * *
You feel sick.
Unknown command.
Unknown command.
j - an amulet of harm (around neck)
* * * LOW HITPOINT WARNING * * *
You feel sick. The goblin misses you.
You barely miss the goblin.
The goblin shouts!
You headbutt the goblin.
You kill the goblin!
Okawaru accepts your kill. The goblin barely misses you.
You barely miss the goblin.
* * * LOW HITPOINT WARNING * * *
You feel sick.
Robin says, "My goblins will feast on your bones."
Robin throws the goblin at you!
You die...

###....# #.#
#.# #......#
#g# #.#
#....g.# #g#
#._8_.# #g#
#.._.g# #.#
#.....#####.#
#..#g.......#
#.g.g)####..#
#####@# #..#
#..g# #..#
#.#.# #..# #.
.# #..# ## ##
#..# ...#


You could see Robin, a hobgoblin and 4 goblins.

Vanquished Creatures
  An ogre (D:2)
  A dart slug (D:1)
  A leopard gecko (D:1)
  A ball python (D:1)
  2 giant cockroaches
  7 goblins
  4 hobgoblins
  3 kobolds (D:1)
  3 quokkas (D:2)
  A bat (D:1)
  16 rats (D:1)
40 creatures vanquished.

Notes
Turn   | Place    | Note
-------+----------+-------------------------------------------
     0 | D:1      | Arum the Demonspawn Monk began the quest for the Orb.
     0 | D:1      | Reached XP level 1. HP: 18/18 MP: 1/1
   174 | D:1      | Gained mutation: You have a pair of small horns on your
                  | head. [demonic ancestry]
   174 | D:1      | Reached XP level 2. HP: 12/24 MP: 2/2
   893 | D:1      | Reached XP level 3. HP: 29/29 MP: 3/3
  1208 | D:2      | Noticed an ogre
  1215 | D:2      | Killed an ogre
  1215 | D:2      | Reached skill level 4 in Fighting
  1215 | D:2      | Reached XP level 4. HP: 12/37 MP: 4/4
  1517 | D:2      | Found a shimmering blue altar of Sif Muna.
  1517 | D:2      | Found a radiant altar of Vehumet.
  1517 | D:2      | Found an iron altar of Okawaru.
  1517 | D:2      | Noticed Robin
  1541 | D:2      | Became a worshipper of Warmaster Okawaru
  1541 | D:2      | Reached * piety under Okawaru
  1541 | D:2      | Reached ** piety under Okawaru
  1549 | D:2      | HP: 1/37 [poisoned by a goblin]
  1549 | D:2      | Hit by a goblin thrown by Robin

Levels and vault maps discovered:
D:1:      erik_arrival_orb_chamber, layout_loops_ring
D:2:      layout_loops_ring, chequers_temple_overflow_statue_of_worship,
          first_ration, grunt_gozag_statues, uniq_robin

Skill      XL: |  1  2  3 |
---------------+----------+-----
Unarmed Combat | 3 |  3.7
Dodging        | 3 |  3.6
Fighting       | 4 |  4.0
Stealth        | |  1.7

Action                   |  1- 3 |  4- 6 || total
-------------------------+-------+-------++-------
Melee: Unarmed           |    97 |    28 ||   125
       Punch             |     2 |       ||     2
       Headbutt          |    17 |     5 ||    22
  Use: Potion            |     2 |     1 ||     3
 Stab: Sleeping          |     5 |       ||     5
  Eat: Chunk             |     1 |     1 ||     2
Armor: Robe              |     7 |     3 ||    10
Dodge: Dodged            |    55 |    17 ||    72
